 Dungeon Crawl Stone Soup version 0.21-a0-29-g43b3074 (webtiles) character file.

4415 grindst0ne the Cleaver (level 10, -4/83 HPs)
             Began as a Formicid Fighter on May 26, 2017.
             Was a Believer of Makhleb.
             Slain by a two-headed ogre
             ... wielding a +0 giant club
              (5 damage)
             ... on level 11 of the Dungeon.
             The game lasted 00:17:13 (7844 turns).

grindst0ne the Cleaver (Formicid Fighter)           Turns: 7844, Time: 00:17:13

Health: -4/83      AC: 17    Str: 27    XL:     10   Next: 62%
Magic:  10/10      EV:  8    Int:  7    God:    Makhleb [**....]
Gold:   627        SH: 18    Dex: 11    Spells: 9/9 levels left

rFire    . . .     SeeInvis +   E - +3 dire flail (protect)
rCold    . . .     Gourm    .   c - +1 shield
rNeg     . . .     Faith    .   h - +0 chain mail
rPois    .         Spirit   .   (helmet unavailable)
rElec    .         Reflect  +   (no cloak)
rCorr    .         Harm     .   (no gloves)
MR       ++...     Clarity  +   A - +0 pair of boots
Stlth    ..........             i - +5 amulet of reflection
Regen    0.7/turn               y - ring of protection from magic
MPRegen  0.2/turn               D - ring of teleportation (curse)

@: mighty, protection aura
A: permanent stasis, dig shafts and tunnels, four strong arms, antennae 3, beak,
clarity, clumsy 1, regeneration 1
a: Dig, Shaft Self, Minor Destruction, Renounce Religion


You were on level 11 of the Dungeon.
You worshipped Makhleb.
Makhleb was pleased with you.
You were not hungry.

You visited 2 branches of the dungeon, and saw 10 of its levels.
You also visited: Ossuary.

You collected 627 gold pieces.

Inventory:

Hand Weapons
 a - a +0 war axe
 E - a +3 dire flail of protection (weapon)
Armour
 b - a +0 scale mail
 c - a +1 shield (worn)
 h - a +0 chain mail (worn)
 A - a +0 pair of boots (worn)
Jewellery
 i - a +5 amulet of reflection (around neck)
 w - an uncursed amulet of guardian spirit {unknown}
 y - a ring of protection from magic (left hand)
 D - a cursed ring of teleportation (right hand)
Wands
 e - a wand of confusion (25/48)
 l - a wand of flame (22/48)
 m - a wand of flame (27/48)
 q - a wand of flame (28/48)
 t - a wand of polymorph (3/24)
Scrolls
 n - 3 scrolls of enchant armour
 u - a scroll of identify
 v - 5 scrolls of remove curse
Potions
 d - 2 potions of might
 j - 6 potions of curing
 o - a potion of invisibility
 p - 2 potions of agility
 r - a potion of ambrosia
 x - a potion of brilliance
 B - a potion of magic
 F - a potion of haste
 H - 2 potions of flight
Books
 g - a book of Minor Magic

   Spells                             Type                      Level
   a - Magic Dart                     Conjuration                  1
   b - Blink                          Translocation                2
   c - Call Imp                       Summoning                    2
   d - Slow                           Hexes                        2
   e - Conjure Flame                  Conjuration/Fire             3
   f - Mephitic Cloud                 Conjuration/Poison/Air       3
Comestibles
 f - 3 bread rations
 k - 4 meat rations
 s - 2 royal jellies


   Skills:
 + Level 9.1 Fighting
 * Level 10.8 Axes
 - Level 3.2 Armour
 - Level 9.0 Shields


You had 9 spell levels left.
You didn't know any spells.

Dungeon Overview and Level Annotations

Branches:
Dungeon (8/15)             Temple (1/1) D:7
   Lair: D:8-11

Altars:
Ashenzari
Cheibriados
Dithmenos
Fedhas
Gozag
Hepliaklqana
Kikubaaqudgha
Makhleb
Nemelex Xobeh
Qazlal
Ru
Sif Muna
Trog
Uskayaw
Vehumet
Wu Jian
Xom
Zin
The Shining One

Shops:
D:7 %


Innate Abilities, Weirdness & Mutations

You cannot be hasted, slowed, berserked, paralysed or teleported.
You can dig through walls and to a lower floor.
Your four strong arms can wield two-handed weapons with a shield.
You have a pair of large antennae on your head. (SInv)
You have a beak for a mouth.
You possess an exceptional clarity of mind.
You are clumsy. (Dex -2)
Your natural rate of healing is unusually fast.


Message History

The centaur warrior is heavily wounded.
You block the blink frog's attack.
The centaur warrior hits you but does no damage.
You block the blink frog's attack.
You puncture the centaur warrior! You peck the centaur warrior!
The centaur warrior is severely wounded.
The centaur warrior hits you but does no damage.
You block the blink frog's attack. You block the two-headed ogre's attack.
The two-headed ogre hits you with a giant spiked club!!
The centaur warrior hits you.
You impale the centaur warrior!!
You kill the centaur warrior!
Makhleb accepts your kill.
You feel your dexterity returning.
Your Fighting skill increases to level 9!
You block the blink frog's attack.
The two-headed ogre hits you with a giant club!!
* * * LOW HITPOINT WARNING * * *
The two-headed ogre hits you with a giant spiked club.
You die...

.... #(.%## #...
#.....#
#..##.....
#.....O(#Z..
#§..#.......
#§#§# #§§Z##
###ZO## #@F§#
#§§§#
#####§.§#####
##......§....##.
................
##...........##
###.......###
#.......#
#.......#


You could see a two-headed ogre, a blink frog, a centaur skeleton and a centaur
warrior skeleton.

Vanquished Creatures
  A centaur warrior (D:11)
  The ghost of grindst0ne the Blocker, a novice FoFi of Qazlal (D:8)
  2 water moccasins (D:7)
  2 ice beasts
  A sky beast (D:7)
  2 orc warriors (D:7)
  8 ogres
  A centaur (D:8)
  A big kobold (D:7)
  A gnoll sergeant (D:6)
  A wyvern zombie (D:7)
  2 scorpions
  3 wights (D:7)
  A howler monkey (D:6)
  A crimson imp (D:7)
  2 bullfrog zombies
  A jelly (D:7)
  A quasit (D:8)
  3 hounds
  3 orc priests
  3 orc wizards
  A bullfrog skeleton (D:5)
  Ijyb (D:3)
  Terence (D:3)
  An iguana (D:7)
  6 worker ants
  A big kobold zombie (Ossuary)
  A hound zombie (D:5)
  A hound skeleton (D:8)
  8 mummies (Ossuary)
  2 worker ant zombies
  Robin (D:3)
  11 gnolls
  10 adders
  A shadow imp (D:8)
  An ooze (D:4)
  An adder skeleton (D:7)
  6 worms
  2 dart slugs (D:1)
  A leopard gecko (D:6)
  26 orcs
  A ball python (D:4)
  3 bats
  5 giant cockroaches
  9 hobgoblins
  7 jackals
  13 kobolds
  2 quokkas (D:5)
  3 frilled lizards
  4 gnoll zombies (Ossuary)
  15 goblins
  3 kobold zombies (Ossuary)
  A leopard gecko skeleton (D:8)
  10 rats
200 creatures vanquished.

Vanquished Creatures (others)
  A centaur (D:5)
1 creature vanquished.

Grand Total: 201 creatures vanquished

Notes
Turn   | Place    | Note
-------+----------+-------------------------------------------
     0 | D:1      | grindst0ne the Formicid Fighter began the quest for the Orb.
     0 | D:1      | Reached XP level 1. HP: 18/18 MP: 1/1
    61 | D:1      | Reached XP level 2. HP: 24/24 MP: 2/2
   558 | D:1      | Reached XP level 3. HP: 27/29 MP: 3/3
   962 | D:2      | Reached skill level 3 in Axes
  1135 | D:2      | Found a glowing silver altar of Zin.
  1529 | D:2      | Reached XP level 4. HP: 37/37 MP: 4/4
  1833 | D:3      | Found a sparkling altar of Nemelex Xobeh.
  1904 | D:3      | Noticed Ijyb
  1917 | D:3      | Killed Ijyb
  1917 | D:3      | Reached XP level 5. HP: 19/42 MP: 5/5
  2195 | D:3      | Noticed Terence
  2212 | D:3      | Killed Terence
  2212 | D:3      | Reached skill level 4 in Axes
  2385 | D:3      | Found a deep blue altar of Sif Muna.
  2527 | D:3      | Reached XP level 6. HP: 40/49 MP: 6/6
  2654 | D:3      | Noticed Robin
  2678 | D:3      | Killed Robin
  2979 | D:4      | Reached skill level 5 in Axes
  3070 | D:4      | Found a shattered altar of Ashenzari.
  3274 | D:4      | Reached skill level 5 in Shields
  3306 | D:4      | Noticed an ogre
  3311 | D:4      | Killed an ogre
  3311 | D:4      | Reached skill level 5 in Fighting
  3311 | D:4      | Reached XP level 7. HP: 55/56 MP: 7/7
  3516 | D:5      | Entered Level 5 of the Dungeon
  3516 | D:5      | Found a stormy altar of Qazlal.
  3530 | D:5      | Found a hide-covered altar of Uskayaw.
  3532 | D:5      | Found a stormy altar of Qazlal.
  3577 | D:5      | Found a sacrificial altar of Ru.
  3626 | D:5      | Reached skill level 6 in Axes
  3648 | D:5      | Found a shadowy altar of Dithmenos.
  3746 | D:5      | Found an ornate altar of the Wu Jian Council.
  3800 | D:5      | Reached XP level 8. HP: 64/64 MP: 8/8
  4430 | D:6      | Reached skill level 7 in Axes
  5530 | D:7      | Reached XP level 9. HP: 71/71 MP: 9/9
  5569 | D:7      | Found a staircase to the Ecumenical Temple.
  5597 | Temple   | Entered the Ecumenical Temple
  5906 | Temple   | Became a worshipper of Makhleb the Destroyer
  5967 | D:7      | Reached skill level 8 in Axes
  6326 | D:7      | Found a hazy altar of Hepliaklqana.
  6799 | D:7      | Found Uckaomigg's Food Emporium.
  6924 | D:7      | Gained mutation: Your spells are a little harder to cast, but a little more powerful. [mutagenic meat]
  6925 | D:7      | Gained mutation: You are clumsy. (Dex -2) [mutagenic meat]
  6926 | D:7      | Lost mutation: You are clumsy. (Dex -2) [mutagenic meat]
  6982 | D:7      | Reached skill level 9 in Axes
  7167 | D:8      | Reached * piety under Makhleb
  7171 | D:8      | Noticed grindst0ne's ghost (novice FoFi)
  7207 | D:8      | Killed grindst0ne's ghost
  7207 | D:8      | Reached XP level 10. HP: 54/80 MP: 10/10
  7211 | D:8      | Reached skill level 10 in Axes
  7248 | D:8      | Found a glowing golden altar of the Shining One.
  7383 | D:8      | Found a sand-covered staircase.
  7388 | Ossuary  | Entered an ossuary
  7460 | Ossuary  | Reached ** piety under Makhleb
  7598 | Ossuary  | Lost mutation: Your spells are a little harder to cast, but a little more powerful. [potion of mutation]
  7598 | Ossuary  | Gained mutation: Your mind is acute. (Int +2) [potion of mutation]
  7598 | Ossuary  | Gained mutation: Your mind is very acute. (Int +4) [potion of mutation]
  7599 | Ossuary  | Lost mutation: Your mind is very acute. (Int +4) [potion of mutation]
  7599 | Ossuary  | Lost mutation: Your mind is acute. (Int +2) [potion of mutation]
  7599 | Ossuary  | Gained mutation: You are clumsy. (Dex -2) [potion of mutation]
  7599 | Ossuary  | Gained mutation: You possess an exceptional clarity of mind. [potion of mutation]
  7599 | Ossuary  | Gained mutation: Your natural rate of healing is unusually fast. [potion of mutation]
  7599 | Ossuary  | Gained mutation: You have a beak for a mouth. [potion of mutation]
  7795 | D:8      | You fall through a shaft for 3 floors!
  7829 | D:11     | Noticed a centaur warrior
  7834 | D:11     | Noticed a two-headed ogre
  7844 | D:11     | Killed a centaur warrior
  7844 | D:11     | HP: 1/83 [two-headed ogre/giant club (25)]
  7844 | D:11     | Slain by a two-headed ogre

Vault maps used:
D:1:      eino_arrival_water_star
D:2:      lemuel_crystal_altar, first_bread
D:3:      nemelex_xobeh_ov_fountains_minmay, nicolae_overflow_crystal_walls,
          uniq_ijyb, uniq_robin, uniq_terence
D:4:      nicolae_overflow_hidden_temple
D:5:      nicolae_ru_awakened_eye, marbit_many_paths,
          chequers_temple_overflow_statue_of_worship, basic_altar,
          minmay_misc_feat_tiny, grunt_dithmenos_smoke
D:7:      lemuel_crystal_altar, minmay_temple_entry_statues, serial_shops,
          kennysheep_mini
D:8:      old_standard_altar, kennysheep_little_box,
          nicolae_ossuary_entry_false_entrances, grunt_ogre_cave, uniq_pikel,
          uniq_maurice
D:11:     minmay_bloctagon_deflated, minmay_misc_feat_iff, grunt_ministairs_7,
          minmay_beelzebubs_servants
Temple:   compressed_dpeg_triangle_lava_temple
Ossuary:  ossuary_tomb_3

Skill      XL: |  1  2  3  4  5  6  7  8  9 10 |
---------------+-------------------------------+-----
Axes           | 3 4 5 6 7 9 10 | 10.8
Fighting       | 4 5 6 8 9 |  9.1
Shields        | 4 5 6 8 9 |  9.0
Armour         | |  3.2

Action                   |  1- 3 |  4- 6 |  7- 9 | 10-12 || total
-------------------------+-------+-------+-------+-------++-------
Melee: War axe           |   113 |   233 |   242 |       ||   588
       Dire flail        |       |       |   123 |    96 ||   219
       Peck              |       |       |       |     3 ||     3
 Abil: Dig               |     1 |     4 |     3 |     1 ||     9
  Use: Scroll            |     4 |     4 |     6 |     6 ||    20
       Potion            |       |       |     3 |     3 ||     6
  Eat: Chunk             |     2 |     7 |    13 |     2 ||    24
       Bread ration      |       |       |     1 |       ||     1
Armor: Scale mail        |    50 |    23 |       |       ||    73
       Chain mail        |       |    28 |    73 |    19 ||   120
Dodge: Dodged            |    30 |    45 |    48 |    11 ||   134
Block: Shield            |    79 |   183 |   301 |    77 ||   640
       Reflection        |       |     4 |     5 |     3 ||    12
